 Dungeon Crawl Stone Soup version 0.31.0-7-gf635a9b802 (webtiles) character file.

Game seed: 6115316699113695720

55 sanka the Cudgeller (level 3, -2/33 HPs)
             Began as a Minotaur Fighter on Jan 23, 2024.
             Slain by Terence
             ... wielding a +3 morningstar
              (4 damage)
             ... on level 2 of the Dungeon.
             The game lasted 00:01:39 (1530 turns).

sanka the Cudgeller (Minotaur Fighter)              Turns: 1530, Time: 00:01:40

Health: -2/33      AC:  6    Str: 20    XL:     3   Next: 67%
Magic:  2/2        EV:  9    Int:  5    God:
Gold:   26         SH:  4    Dex: 11    Spells: 2/2 levels left

rFire   . . .        a - +0 flail
rCold   . . .        c - +0 buckler
rNeg    . . .        b - +0 scale mail
rPois   .            (helmet restricted)
rElec   .            (no cloak)
rCorr   .            (no gloves)
SInv    .            (no boots)
Will    .....        (no amulet) Stlth
                     (no ring)
HPRegen 0.25/turn    (no ring)
MPRegen 0.08/turn

%: no passive effects
@: no status effects
A: horns 2, retaliatory headbutt
a: no special abilities


You were on level 2 of the Dungeon.
You visited 1 branch of the dungeon, and saw 2 of its levels.

You collected 26 gold pieces.


Innate Abilities, Weirdness & Mutations

You have a pair of horns on your head.
You reflexively headbutt those who attack you in melee.


   Skills:
 - Level 4.0 Fighting
 + Level 4.7 Maces & Flails
 - Level 3.6 Armour
 - Level 3.6 Shields


You had 2 spell levels left.
You didn't know any spells.
Your spell library contained the following spells:

 Spells                   Type           Power      Damage    Failure   Level
 Sting                    Conj/Alch      0%         1d3       88%         1
 Mercury Vapours          Alch/Air       0%         N/A       95%         2
 Olgreb's Toxic Radiance  Alch           0%         N/A       100%        4

Inventory:

Hand Weapons
 a - a +0 flail (weapon)
Armour
 b - a +0 scale mail (worn)
 c - a +0 buckler (worn)
Scrolls
 e - 2 scrolls of enchant weapon {unknown}
 f - a scroll of teleportation {unknown}
 i - a scroll of identify {unknown}
 j - a scroll of fear {unknown}
Potions
 d - a potion of might
 g - a potion of haste {unknown}
 h - a potion of brilliance {unknown}
 k - a potion of resistance {unknown}
 l - a potion of curing {unknown}

Dungeon Overview and Level Annotations

Branches:
Dungeon (2/15)

Altars:

Shops:
D:1 =   D:2 (

Annotations:
D:2 1 transporter, Terence

▒..▒▒...▒ ▒.▒▒▒...▒ ▒.▒ ▒.©.▒ ▒.▒
▒▒▒▒▒ ▒.▒ ▒.©.▒ ▒.▒ ▒...▒ ▒.▒
▒.∩.▒ ▒▒▒▒▒▒▒.▒▒▒...▒
▒........▒▒@H.▒ ▒▒▒▒▒▒▒
▒.▒▒▒▒▒▒.▒▒▒▒▒▒ ▒.....▒ ▒.▒
▒▒▒▒.©.▒ ▒.▒▒▒.▒ ▒ ▒.▒ ▒▒▒▒▒
▒...▒ ▒.▒ ▒.▒ ▒▒▒▒▒.▒▒▒...▒
▒...▒▒▒▒▒.▒ ▒.▒
............▒▒▒▒........▒ ▒.▒▒▒▒▒
▒▒▒▒▒▒▒)▒.......▒▒▒▒▒▒▒▒▒▒▒......
▒.▒..▒▒▒▒...........▒▒▒▒▒▒▒
▒.....▒ ▒▒▒▒▒▒▒▒▒▒▒.▒▒▒▒▒▒▒


You could see Terence.


Message History

There is a transporter here.
You enter the transporter and appear at another place.
Terence hits you with a +3 morningstar!
You hit Terence but do no damage. Your headbutt misses Terence.
Terence barely misses you.
You barely miss Terence. Terence barely misses you.
Terence hits you with a +3 morningstar.
You sock Terence!
Terence is heavily wounded.
Terence hits you with a +3 morningstar!
* * * LOW HITPOINT WARNING * * *
You barely miss Terence.
Terence is heavily wounded.
Terence hits you with a +3 morningstar!
* * * LOW HITPOINT WARNING * * *
You hit Terence but do no damage.
Terence is heavily wounded.
Terence misses you.
You closely miss Terence.
Terence is heavily wounded.
Terence hits you with a +3 morningstar.
* * * LOW HITPOINT WARNING * * *
You hit Terence. Your headbutt misses Terence.
Terence is heavily wounded.
Terence hits you with a +3 morningstar.
You die...
Terence says, "Time to find some more victims."

Action                     || total
---------------------------++-------
  Melee: Flail             ||    72
         Headbutt          ||     6
 Armour: Scale mail        ||    53
  Dodge: Dodged            ||    37
  Block: Buckler           ||    23

Levels and vault maps discovered:
D:1:      minmay_arrival_four_houses, layout_loops_ring, serial_shops,
          shop_fountains
D:2:      layout_loops_ring, nicolae_ecumenical_snake_handling, serial_shops,
          nicolae_shop_drivethru, bh_walls_and_bars, uniq_terence

Notes
Turn   | Place    | Note
-------+----------+-------------------------------------------
     0 | D:1      | sanka the Minotaur Fighter began the quest for the Orb.
     0 | D:1      | Reached XP level 1. HP: 19/19 MP: 0/0
   159 | D:1      | Reached skill level 4 in Fighting
   176 | D:1      | Reached skill level 3 in Maces & Flails
   176 | D:1      | Reached XP level 2. HP: 27/27 MP: 1/1
   358 | D:1      | Found Manuteab's Jewellery Shoppe.
   658 | D:2      | Reached skill level 4 in Maces & Flails
   658 | D:2      | Reached XP level 3. HP: 29/33 MP: 2/2
   816 | D:2      | Found a transporter.
   819 | D:2      | Found Hydgh's Weapon Emporium.
   821 | D:2      | Found a transporter.
   821 | D:2      | Noticed Terence
  1047 | D:2      | Found a faded altar of an unknown god.
  1529 | D:2      | HP: 1/33 [Terence/+3 morningstar (6)]
  1530 | D:2      | Slain by Terence

Vanquished Creatures
  2 adders (D:2)
  An endoplasm (D:2)
  2 giant cockroaches (D:1)
  3 goblins
  5 hobgoblins
  2 kobolds
  2 quokkas (D:2)
  10 ball pythons
  3 bats
  2 frilled lizards
  3 rats
35 creatures vanquished.
